 Dungeon Crawl Stone Soup version 0.31-a0-75-g6fe912e8c5 (webtiles) character file.

Game seed: 15442242614581844470

565 fozzywoppz the Digger (level 7, 0/57 HPs)
             Began as a Meteoran Earth Elementalist on May 23, 2023.
             Slain by a black bear (4 damage)
             ... on level 5 of the Dungeon.
             The game lasted 00:13:36 (2235 turns).

fozzywoppz the Digger (Meteoran Earth Elementalist) Turns: 2235, Time: 00:13:37

Health: 0/57       AC:  3    Str: 11    XL:     7   Next: 90%
Magic:  2/15       EV: 14    Int: 18    God:
Gold:   271        SH:  0    Dex: 14    Spells: 6/16 levels left

rFire   . . .        (no weapon)
rCold   . . .        (no shield)
rNeg    . . .        a - +0 robe
rPois   .            (no helmet)
rElec   .            (no cloak)
rCorr   .            (no gloves)
SInv    .            w - +0 pair of boots
Will    .....        (no amulet)
Stlth   +            (no ring)
HPRegen 0.29/turn    (no ring)
MPRegen 0.14/turn

%: no passive effects
@: hasted, glowing, very quick
A: sense surroundings 1, otherworldly, glowing, explore regen
a: no special abilities


You were on level 5 of the Dungeon.
You visited 1 branch of the dungeon, and saw 5 of its levels.

You collected 271 gold pieces.

Inventory:

Missiles
 i - 32 stones
Armour
 a - a +0 robe (worn)
 w - a +0 pair of boots (worn)
Jewellery
 d - an amulet of faith
 t - a ring of fire
Wands
 v - a wand of charming (6)
Scrolls
 g - 2 scrolls of silence {unknown}
 k - a scroll of amnesia {unknown}
 l - 3 scrolls of teleportation {unknown}
 m - 3 scrolls of identify {unknown}
 n - a scroll of fog {unknown}
 q - a scroll of vulnerability {unknown}
 r - a scroll of poison {unknown}
 s - 2 scrolls of enchant weapon {unknown}
 u - 2 scrolls of enchant armour {unknown}
Potions
 b - a potion of magic
 c - 2 potions of haste
 e - a potion of cancellation
 f - a potion of heal wounds {unknown}
 h - 2 potions of curing {unknown}
 j - a potion of enlightenment {unknown}
 o - 2 potions of attraction {unknown}
 p - a potion of berserk rage {unknown}


   Skills:
 + Level 3.5 Fighting
 + Level 5.2 Dodging
 - Level 2.0 Stealth
 - Level 5.0 Spellcasting
 - Level 2.0 Transmutations
 + Level 5.6 Earth Magic


You had 6 spell levels left.
You knew the following spells:

 Your Spells              Type           Power      Damage    Failure   Level
a - Sandblast             Erth           48%        2d12      1%          1
b - Passwall              Tmut/Erth      12%        N/A       5%          2
c - Stone Arrow           Conj/Erth      24%        3d8       16%         3
d - Petrify               Tmut/Erth      15%        N/A       34%         4

Your spell library contained the following spells:

 Spells                   Type           Power      Damage    Failure   Level
 Apportation              Tloc           8%         N/A       13%         1
 Necrotise                Necr           16%        1d4       13%         1
 Summon Small Mammal      Summ           16%        N/A       13%         1
 Tukima's Dance           Hex            4%         N/A       36%         3
 Hailstorm                Conj/Ice       2%         3d3       45%         3
 Ice Form                 Ice/Tmut       5%         N/A       75%         4
 Passage of Golubria      Tloc           4%         N/A       78%         4
 Yara's Violent Unravell  Hex/Tmut       2%         3d3       97%         5
 Simulacrum               Ice/Necr       1%         N/A       100%        6


Dungeon Overview and Level Annotations

Branches:
Dungeon (5/15) Zot: 697
 Temple: D:4-7

Altars:
Makhleb
Okawaru
Trog

Annotations:
D:1 1 transporter


Innate Abilities, Weirdness & Mutations

You passively map a small area around you.
You are easily found by Zot.
You glow in the dark.
You regain HP and MP as you explore.


Message History

Confirm with . or Enter, or press ? or * to list all spells.
Aiming: Stone Arrow (dangerous; 16% risk of failure)
Press: ? - help, Shift-Dir - straight line, f - black bear
Aim: a black bear (77% to hit)
The stone arrow hits the black bear!
The black bear is heavily wounded.
Unknown command.
Casting: Stone Arrow (dangerous; 16% risk of failure)
Confirm with . or Enter, or press ? or * to list all spells.
Aiming: Sandblast (safe; 1% risk of failure)
Press: ? - help, Shift-Dir - straight line, f/p - black bear
Aim: a black bear (heavily wounded, 87% to hit)
The blast of sand hits the black bear!
The black bear is severely wounded.
The black bear goes berserk!
Casting: Sandblast (safe; 1% risk of failure)
Confirm with . or Enter, or press ? or * to list all spells.
Aiming: Stone Arrow (dangerous; 16% risk of failure)
Press: ? - help, Shift-Dir - straight line, f/p - black bear
Aim: a black bear (severely wounded, berserk, 77% to hit)
The stone arrow misses the black bear.
The stone arrow hits the sleepcap!
The sleepcap is heavily damaged.
The black bear closely misses you. The black bear claws you.
The black bear completely misses you. The black bear bites you!
* * * LOW HITPOINT WARNING * * *
The black bear claws you but does no damage.
The black bear claws you.
* * * LOW HITPOINT WARNING * * *
You see here 15 gold pieces.
It was a potion of cancellation.
You feel magically purged.
The black bear bites you but does no damage.
The black bear claws you.
* * * LOW HITPOINT WARNING * * *
The black bear claws you.
* * * LOW HITPOINT WARNING * * *
The black bear completely misses you. The black bear claws you.
* * * LOW HITPOINT WARNING * * *
The black bear claws you but does no damage.
It was a potion of haste.
You feel yourself speed up. The black bear bites you.
You die...

* , ... ,#.# #.....# ...
, .... #># #.<..###...
..###.# #..[.†.#...
...#.# * #..###)##.. , ,
, #!..# #....# #..#.. ..
#.)# ###..####.... ,
...##..#### #......#...
, ........h..#
##<####.##.. ,
........f@.# #.)# #.##..
*#.#........# #)##
#..... # #........####)#
###.## , #........##...#
#.# ..........##...# #.#
##............#### #.#
#.....#.........#####.##
...........####.........
,
..#####.............†...


You could see a black bear (berserk) and a sleepcap.

Vanquished Creatures
  A black bear (D:5)
  2 ogres
  A scorpion (D:5)
  2 orc priests (D:5)
  A hound (D:5)
  An orc wizard (D:3)
  Robin (D:3)
  4 adders
  A worm (D:2)
  2 dart slugs (D:2)
  8 orcs
  4 bats
  4 endoplasms
  11 goblins
  8 hobgoblins
  A jackal (D:3)
  4 quokkas
  6 ball pythons
  3 frilled lizards
  7 kobolds
  7 rats
79 creatures vanquished.

Notes
Turn   | Place    | Note
-------+----------+-------------------------------------------
     0 | D:1      | fozzywoppz the Meteoran Earth Elementalist began the quest
                  | for the Orb.
     0 | D:1      | Reached XP level 1. HP: 14/14 MP: 5/5
   290 | D:1      | Reached XP level 2. HP: 19/20 MP: 5/7
   308 | D:1      | Learned a level 2 spell: Passwall
   487 | D:1      | Glimpsed the power of Zot.
   572 | D:2      | Reached XP level 3. HP: 20/26 MP: 4/8
   790 | D:2      | Reached XP level 4. HP: 25/33 MP: 7/10
  1071 | D:2      | Glimpsed the power of Zot.
  1121 | D:2      | Glimpsed the power of Zot.
  1170 | D:3      | Reached XP level 5. HP: 38/38 MP: 9/11
  1290 | D:3      | Noticed Robin
  1303 | D:3      | Killed Robin
  1432 | D:3      | Found a burning altar of Makhleb.
  1437 | D:3      | Found an iron altar of Okawaru.
  1647 | D:3      | Glimpsed the power of Zot.
  1739 | D:4      | Noticed an ogre
  1751 | D:4      | Killed an ogre
  1752 | D:4      | Reached skill level 5 in Spellcasting
  1752 | D:4      | Reached skill level 5 in Earth Magic
  1752 | D:4      | Reached skill level 1 in Fighting
  1752 | D:4      | Reached XP level 6. HP: 22/47 MP: 8/14
  1872 | D:4      | Found a bloodstained altar of Trog.
  2135 | D:5      | Entered Level 5 of the Dungeon
  2135 | D:5      | Noticed an ogre
  2146 | D:5      | Killed an ogre
  2147 | D:5      | Reached XP level 7. HP: 15/56 MP: 11/15
  2151 | D:5      | Learned a level 3 spell: Stone Arrow
  2156 | D:5      | Learned a level 4 spell: Petrify
  2230 | D:5      | Reached skill level 5 in Dodging
  2235 | D:5      | Slain by a black bear

Illustrated notes

Levels and vault maps discovered:
D:1:      spicycebolla_arrival_transporter_tutorial, layout_basic, serial_shops,
          shop, minmay_liquid_box, dreamdust_princess_corridor,
          minmay_pentomino_t4
D:2:      minmay_inner_zag, layout_basic, chequers_serial_rivers_micro_a,
          grunt_decor_junction
D:3:      layout_loops_ring, amethyst_overflow_temple_binary, serial_rivers,
          chequers_serial_rivers_micro_a, chequers_serial_rivers_micro_d,
          chequers_serial_rivers_micro_c, chequers_serial_rivers_micro_d,
          chequers_serial_rivers_micro_d, chequers_serial_rivers_micro_d,
          minmay_randomly_rotated_circles, uniq_robin
D:4:      layout_loops_cross, bloody_trog
D:5:      minmay_chambers_of_fours, layout_rooms

Skill      XL: |  1  2  3  4  5  6  7 |
---------------+----------------------+-----
Spellcasting   | 3 5 |  5.0
Dodging        | 3 4 5 |  5.2
Earth Magic    | 4 5 |  5.6
Transmutations | 2 |  2.0
Stealth        | 2 |  2.0
Fighting       | 1 2 3 |  3.5

Action                     |  1- 3 |  4- 6 |  7- 9 || total
---------------------------+-------+-------+-------++-------
  Melee: Unarmed           |    20 |    24 |       ||    44
   Cast: Sandblast         |    32 |    73 |    14 ||   119
         Passwall          |       |     2 |       ||     2
         Stone Arrow       |       |       |     4 ||     4
    Use: Potion            |       |       |     2 ||     2
 Armour: Robe              |     7 |    11 |     7 ||    25
  Dodge: Dodged            |    28 |    46 |     8 ||    82

Table legend: (Time is in decaauts)
 A = Elapsed time spent in this place.
 B = Non-inter-level travel time spent in this place.
 C = Inter-level travel time spent in this place.
 D = Time resting spent in this place.
 E = Time spent auto-exploring this place.
 F = Levels seen in this place.
 G = Mean time per level.
                   A        B        C        D        E       F      G
               +--------+--------+--------+--------+--------+-----+--------+
         Total |   2301 |   2301 |      0 |      0 |    596 |   5 |  460.2 |
       Dungeon |   2301 |   2301 |      0 |      0 |    596 |   5 |  460.2 |
               +--------+--------+--------+--------+--------+-----+--------+

Top non-repeatable levels by time:
     D:2: 636 daAuts
     D:3: 584 daAuts
     D:1: 518 daAuts
     D:4: 452 daAuts
     D:5: 108 daAuts
